 Dungeon Crawl Stone Soup version bcrawl-1.19-7-g22fd707d3b (webtiles) character file.

Game seed: 6321469940156523018

15361 MisterOstroum the Geomancer (level 12, -5/68 HPs)
             Began as a Gargoyle Earth Elementalist on Nov 18, 2019.
             Was a Follower of Sif Muna.
             Killed by the air
             ... invoked by a blizzard demon
              (23 damage)
             ... in a Gauntlet.
             The game lasted 00:38:59 (14401 turns).

MisterOstroum the Geomancer (GrEE)                 Turns: 14401, Time: 00:39:00

Health: -5/68      AC: 18    Str: 14    XL:     12   Next: 26%
Magic:  0/24       EV: 14    Int: 21    God:    Sif Muna [*.....]
Gold:   580        SH:  4    Dex: 10    Spells: 15/27 levels left

rFire    + . .     SeeInvis .   a - +1 dagger (protect)
rCold    + . .     Gourm    .   q - +0 buckler
rNeg     + . .     Faith    .   V - +2 robe {Archmagi}
rPois    ∞         Spirit   .   f - +1 helmet
rElec    +         Reflect  .   y - scarf {rC+ rF+}
rCorr    .         Harm     .   d - +1 pair of gloves
MR       +....     NoTele   +   D - +0 pair of boots
Stlth    +++.......             (no amulet)
HPRegen  0.21/turn              u - ring of protection from magic
MPRegen  0.19/turn              L - +2 ring of strength

@: no casting
A: negative energy resistance 1, electricity resistance, unbreathing,
petrification resistance, rot immunity, AC +8
a: Stop Divine Energy, Renounce Religion


You were in a Gauntlet.
You worshipped Sif Muna.
Sif Muna was aware of your devotion.
You were very hungry.

You visited 3 branches of the dungeon, and saw 12 of its levels.
You also visited: Gauntlet.

You collected 580 gold pieces.

Inventory:

Hand Weapons
 a - a +1 dagger of protection (weapon)
 c - a +1 hunting sling
 H - a +4 quick blade
Missiles
 b - 1113 stones (quivered)
 n - 1069 sling bullets
 B - 193 tomahawks
Armour
 d - a +1 pair of gloves (worn)
 f - a +1 helmet (worn)
 j - +0 acid dragon scales
 q - a +0 buckler (worn)
 x - the +2 pair of boots "Koucvoru" {Int+3, unknown}
   (You found it in a Gauntlet)

   It affects your intelligence (+3).
 y - a scarf of resistance (worn)
 D - a +0 pair of boots (worn)
 P - a +1 cloak
 V - a +2 robe of the Archmagi (worn)
Magical Staves
 w - an uncursed staff of death
Jewellery
 u - a ring of protection from magic (left hand)
 L - a +2 ring of strength (right hand)
 Q - an uncursed ring of resist corrosion
 R - an uncursed ring of positive energy
Wands
 h - a wand of iceblast (10)
 G - a wand of polymorph (11)
 K - a wand of disintegration (20)
 N - a wand of acid (6)
 O - a wand of digging (7)
Scrolls
 g - 2 scrolls of enchant weapon
 k - 2 scrolls of fear
 l - a scroll of identify {@r1}
 t - a scroll of immolation
 A - 3 scrolls of noise
 C - a scroll of magic mapping {@r5 !r}
 J - 5 scrolls of teleportation {@r3 !r}
 T - 2 scrolls of remove curse {@r2}
Potions
 i - a potion of resistance
 m - 3 potions of ambrosia
 o - a potion of invisibility {unknown}
 p - 5 potions of might {@q3 !q}
 r - a potion of mutation
 s - 5 potions of curing {@q1 !q}
 v - a potion of agility {@q5 !q}
 z - 4 potions of flight
 E - a potion of haste {@q4 !q}
 F - 3 potions of brilliance
Comestibles
 e - 7 rations {!d}


   Skills:
 - Level 5.2 Fighting
 - Level 5.0 Armour
 - Level 5.0 Dodging
 - Level 5.0 Stealth
 - Level 4.0 Shields
 - Level 8.0 Spellcasting
 - Level 4.1 Conjurations
 - Level 0.7 Transmutations
 + Level 14.8 Earth Magic
 - Level 5.0 Evocations


You had 15 spell levels left.
You knew the following spells:

 Your Spells              Type           Power        Failure   Level  Hunger
a - Sandblast             Erth           ######       1%          1    None
b - Lee's Rapid Deconstr  Erth           #######...   1%          5    #####..
c - Stone Arrow           Conj/Erth      ######       1%          3    None
P - Passwall              Tmut/Erth      ######..     1%          2    None
S - Animate Skeleton      Necr           N/A          8%          1    None

Your spell library contained the following spells:

 Spells                   Type           Power        Failure   Level  Hunger
 Magic Dart               Conj           ####         1%          1    None
 Flame Tongue             Conj/Fire      ####.        3%          1    None
 Shock                    Conj/Air       ####.        3%          1    None
 Petrify                  Tmut/Erth      ######..     3%          4    ###....
 Throw Frost              Conj/Ice       ####..       5%          2    None
 Pain                     Necr           ##....       8%          1    None
 Conjure Flame            Conj/Fire      ####....     11%         3    None
 Blink                    Tloc           N/A          12%         2    None
 Call Imp                 Summ           ##....       12%         2    None
 Mephitic Cloud           Conj/Pois/Air  ###.....     14%         3    None
 Spider Form              Tmut/Pois      ##.          21%         3    None
 Regeneration             Chrm/Necr      ##........   24%         3    None
 Vampiric Draining        Necr           ##........   24%         3    None
 Throw Icicle             Conj/Ice       ####....     34%         4    ###....
 Animate Dead             Necr           N/A          61%         4    ###....
 Bolt of Draining         Conj/Necr      ####......   67%         5    #####..
 Tree Form                Hex/Tmut       N/A          88%         5    #####..
 Bolt of Fire             Conj/Fire      ####......   99%         6    ######.
 Dragon Form              Tmut           ###....      100%        7    #######
 Necromutation            Tmut/Necr      ##......     100%        8    #######
 Statue Form              Tmut/Erth      Unusable     N/A         6    N/A

Dungeon Overview and Level Annotations

Branches:
Dungeon (10/12)            Temple (1/1) D:7            Lair (1/6) D:7
    Orc (0/1) D:8

Altars:
Ashenzari
Cheibriados
Dithmenos
Elyvilon
Fedhas
Gozag
Hepliaklqana
Kikubaaqudgha
Lugonu
Makhleb
Nemelex Xobeh
Okawaru
Qazlal
Ru
Sif Muna
Trog
Uskayaw
Vehumet
Wu Jian
Xom
Yredelemnul
Zin
The Shining One

Shops:
D:7 (

Annotations:
D:8 1 exclusion Gauntlet 13 transporters, exclusions: ice statue, lightning spire and obsidian statue


Innate Abilities, Weirdness & Mutations

You are resistant to torment.
Your stone body is resilient. (AC +8)
You are immune to poison.
You resist negative energy. (rN+)
You are resistant to electric shocks. (rElec)
You can survive without breathing.
You are immune to petrification.
You are immune to rotting.


Message History

Press: ? - help, Dir - move target cursor A stone wall.
You feel a surge of power!
The wall shatters!
The blast of rock fragments hits the ice devil.
The ice devil is almost dead.
Casting: Lee's Rapid Deconstruction (safe; 1% risk of failure)
Confirm with . or Enter, or press ? or * to list all spells.
Aiming: Stone Arrow (safe; 1% risk of failure)
Press: ? - help, Shift-Dir - straight line, f - ice devil
Aim: an ice devil You feel a surge of power!
The stone arrow misses the ice devil.
Casting: Stone Arrow (safe; 1% risk of failure)
Confirm with . or Enter, or press ? or * to list all spells.
Aiming: Lee's Rapid Deconstruction (safe; 1% risk of failure)
Press: ? - help, Dir - move target cursor, p - ice devil You can't see that place. [a stone wall.]
Okay, then.
Unknown command.
Casting: Lee's Rapid Deconstruction (safe; 1% risk of failure)
Confirm with . or Enter, or press ? or * to list all spells.
Aiming: Lee's Rapid Deconstruction (safe; 1% risk of failure)
Press: ? - help, Dir - move target cursor, p - ice devil A stone wall.
You feel a surge of power!
The wall shatters!
The blast of rock fragments hits the ice devil. x2
You kill the ice devil!
Sif Muna accepts your kill. The ice devil hits you. The ice devil freezes you!
You resist.
Casting: Lee's Rapid Deconstruction (safe; 1% risk of failure)
Confirm with . or Enter, or press ? or * to list all spells.
Aiming: Lee's Rapid Deconstruction (safe; 1% risk of failure)
Press: ? - help, Dir - move target cursor A stone wall.
You feel a surge of power!
The wall shatters!
The blast of rock fragments hits the ice devil.
The ice devil is heavily wounded.
Sif Muna grants you divine energy.
You briefly lose access to your magic!
You block the ice devil's attack. The ice devil misses you.
You see here a glowing quick blade.
There is a transporter here.
You see here a pair of faintly glowing boots.
You regain access to your magic.
You see here a helmet.
Casting: Lee's Rapid Deconstruction (safe; 1% risk of failure)
Confirm with . or Enter, or press ? or * to list all spells.
Aiming: Lee's Rapid Deconstruction (safe; 1% risk of failure)
Press: ? - help, Dir - move target cursor A translucent stone wall.
You feel a surge of power!
The wall shatters!
The blast of rock fragments hits the ice devil.
You kill the ice devil!
Sif Muna accepts your kill.
You are feeling hungry.
Sif Muna grants you divine energy.
You briefly lose access to your magic!
You see here a helmet.
x - a pair of faintly glowing boots
There are no items here.
There is a transporter here.
You see here a glowing quick blade.
H - a glowing quick blade The blizzard demon gestures at you.
The freezing cloud engulfs you! You resist.
You are engulfed in freezing vapours.
You resist.
You regain access to your magic.
The blizzard demon gestures at you. The bolt of lightning misses you.
Casting: Lee's Rapid Deconstruction (safe; 1% risk of failure)
Confirm with . or Enter, or press ? or * to list all spells.
Aiming: Lee's Rapid Deconstruction (safe; 1% risk of failure)
Press: ? - help, Dir - move target cursor A stone wall.
You feel a surge of power!
The wall shatters!
The blast of rock fragments hits the blizzard demon.
The blizzard demon is moderately wounded.
The orange demon screeches!
Sif Muna grants you divine energy.
You briefly lose access to your magic!
You regain access to your magic.
The blizzard demon waves its arms in wide circles.
The air twists around and strikes you! The blizzard demon gestures at you.
The bolt of cold hits you! You resist.
* * * LOW HITPOINT WARNING * * *
Casting: Lee's Rapid Deconstruction (safe; 1% risk of failure)
Confirm with . or Enter, or press ? or * to list all spells.
Aiming: Lee's Rapid Deconstruction (safe; 1% risk of failure)
Press: ? - help, Dir - move target cursor A stone wall.
You feel a surge of power!
The wall shatters!
The blast of rock fragments hits the blizzard demon.
The blizzard demon is heavily wounded.
You are feeling very hungry.
Sif Muna grants you divine energy.
You briefly lose access to your magic!
The blizzard demon waves its arms in wide circles.
The air twists around and strikes you!!
You die...

#####################.########
.#......#.#.........#.##......
..#.....#.#.#.....#.#.#.#.....
..#....##.#..#####..#.#..#...
...#©##.#.#..##.##..#.#...#©#...#
..###...#.#....©....#.#4...#....#
##.#....#.#..##.##..#.#2..#.#...#
....#...#.#.2#####..#.#..#...#..#
...8#...#.#.....@.#.#.#.#...[.#2#
...©[#.(#.#..[.©....#.##..!©(.4##
#########.###########.###########
.................................
....................8⌠8..........
#################################
...©.... ....©.... ....©....
......... ........... ...........
######### #####.#.### ###.#.#####


You could see a green death, a blizzard demon and an orange demon.

Vanquished Creatures
  2 two-headed ogres
  Erica (D:8)
  A catoblepas (Gauntlet)
  An oklob plant (Gauntlet)
  A black mamba (Lair:1)
  A gargoyle (Gauntlet)
  2 ice devils (Gauntlet)
  A troll (D:6)
  3 hippogriffs
  19 yaks
  2 wyverns (D:9)
  4 hogs (D:7)
  A human (D:7)
  3 acid dragons
  A water moccasin (Lair:1)
  2 porcupines
  3 orc warriors
  2 phantoms
  2 black bears (D:7)
  5 ice beasts
  3 sky beasts
  2 eyes of draining
  4 ogres
  A crocodile (Lair:1)
  5 centaurs
  4 bullfrogs
  5 scorpions
  26 killer bees
  10 wights (D:9)
  6 howler monkeys
  A jelly (D:9)
  2 centaur zombies (D:6)
  2 crimson imps
  3 hounds
  A bullfrog skeleton (D:5)
  2 centaur skeletons
  3 orc priests
  A gnoll shaman (D:7)
  3 iguanas
  Natasha (thrice) (D:3)
  7 worker ants
  7 orc wizards
  2 howler monkey zombies
  2 worker ant zombies
  3 gnolls (D:7)
  12 adders
  A howler monkey skeleton (D:9)
  A shadow imp (D:9)
  A white imp (Gauntlet)
  An ooze (D:6)
  2 adder zombies (D:5)
  6 dart slugs
  3 worms
  6 leopard geckos
  44 orcs
  3 giant cockroaches
  2 goblins (D:1)
  9 hobgoblins
  4 jackals
  4 kobolds (D:1)
  7 quokkas
  3 ball pythons
  4 bats
  4 frilled lizards
  A jackal skeleton (D:5)
  A leopard gecko zombie (D:5)
  5 rats
289 creatures vanquished.

Vanquished Creatures (others)
  3 fungi (D:7)
3 creatures vanquished.

Grand Total: 292 creatures vanquished

Notes
Turn   | Place    | Note
-------+----------+-------------------------------------------
     0 | D:1      | MisterOstroum the Gargoyle Earth Elementalist began the
                  | quest for the Orb.
     0 | D:1      | Reached XP level 1. HP: 10/10 MP: 3/3
    84 | D:1      | Reached skill level 1 in Fighting
   155 | D:1      | Reached XP level 2. HP: 16/16 MP: 1/5
   495 | D:1      | Reached skill level 4 in Earth Magic
   600 | D:1      | Reached XP level 3. HP: 20/21 MP: 4/6
  1662 | D:2      | Reached XP level 4. HP: 26/28 MP: 4/7
  2041 | D:3      | Noticed Natasha
  2051 | D:3      | Killed Natasha
  2056 | D:3      | Learned a level 3 spell: Stone Arrow
  2059 | D:3      | Learned a level 2 spell: Passwall
  2434 | D:3      | Reached XP level 5. HP: 32/32 MP: 8/8
  2578 | D:3      | Noticed Natasha
  2581 | D:3      | Killed Natasha
  2581 | D:3      | Reached skill level 5 in Earth Magic
  2721 | D:3      | Reached skill level 1 in Conjurations
  2802 | D:3      | Noticed Natasha
  2807 | D:3      | Killed Natasha
  3293 | D:4      | Reached XP level 6. HP: 37/37 MP: 0/10
  3519 | D:4      | Reached skill level 6 in Earth Magic
  3953 | D:4      | Found a sparkling altar of Nemelex Xobeh.
  4067 | D:4      | Reached XP level 7. HP: 41/41 MP: 7/11
  4140 | D:4      | Reached skill level 7 in Earth Magic
  4441 | D:4      | Learned a level 5 spell: Lee's Rapid Deconstruction
  4510 | D:5      | Entered Level 5 of the Dungeon
  4714 | D:5      | Got a polished ring mail
  5242 | D:5      | Reached XP level 8. HP: 48/48 MP: 5/13
  5269 | D:5      | Reached skill level 8 in Earth Magic
  5373 | D:5      | Noticed a yak
  5402 | D:5      | Identified the +1 ring mail of the Wumpus {MR+ Regen+ rCorr
                  | Str-3 Stlth+} (You found it on level 5 of the Dungeon)
  5413 | D:5      | Found a snail-covered altar of Cheibriados.
  5784 | D:5      | Noticed a yak
  5784 | D:5      | Noticed a yak
  5802 | D:5      | Killed a yak
  5839 | D:5      | Killed a yak
  5968 | D:5      | Killed a yak
  5968 | D:5      | Reached skill level 5 in Stealth
  5968 | D:5      | Reached skill level 9 in Earth Magic
  6236 | D:5      | Reached XP level 9. HP: 52/53 MP: 5/15
  6377 | D:6      | Noticed a troll
  6379 | D:6      | Killed a troll
  6379 | D:6      | Reached skill level 5 in Fighting
  6379 | D:6      | Reached skill level 1 in Shields
  7020 | D:6      | Reached skill level 10 in Earth Magic
  7384 | D:6      | Reached skill level 5 in Spellcasting
  7886 | D:7      | Found a basalt altar of Yredelemnul.
  7896 | D:7      | Found a staircase to the Ecumenical Temple.
  7908 | Temple   | Entered the Ecumenical Temple
  8014 | Temple   | Became a worshipper of Ru the Awakened
  8108 | D:7      | Reached skill level 1 in Evocations
  8440 | D:7      | Reached skill level 1 in Armour
  8469 | D:7      | Reached XP level 10. HP: 59/59 MP: 0/19
  8988 | D:7      | Found a staircase to the Lair.
  9222 | D:7      | Learned a level 1 spell: Animate Skeleton
  9562 | D:7      | Found Cydug's Weapon Boutique.
  9894 | D:8      | Noticed a two-headed ogre
  9896 | D:8      | Killed a two-headed ogre
  9902 | D:8      | Noticed Erica
 10381 | D:8      | Reached skill level 11 in Earth Magic
 10620 | D:8      | Found a staircase to the Orcish Mines.
 10866 | D:8      | Got an ancient leather armour
 10867 | D:8      | Found a glowing golden altar of the Shining One.
 10946 | D:8      | Killed Erica
 10946 | D:8      | Reached XP level 11. HP: 64/64 MP: 1/22
 11626 | D:9      | Found a glowing golden altar of the Shining One.
 11763 | D:9      | Found a radiant altar of Vehumet.
 11791 | D:9      | Found a shadowy altar of Dithmenos.
 11793 | D:9      | Found a shimmering blue altar of Sif Muna.
 11931 | D:9      | Fell from the grace of Ru
 11931 | D:9      | Became a worshipper of Sif Muna the Loreminder
 12047 | D:9      | Reached skill level 5 in Armour
 12189 | D:9      | Noticed a two-headed ogre
 12194 | D:9      | Killed a two-headed ogre
 12670 | D:9      | Reached skill level 5 in Dodging
 12670 | D:9      | Reached skill level 5 in Evocations
 12675 | D:9      | Reached * piety under Sif Muna
 12680 | D:9      | Reached skill level 12 in Earth Magic
 12708 | D:9      | Received a gift from Sif Muna
 13444 | D:10     | Entered Level 10 of the Dungeon
 13465 | D:10     | Reached skill level 13 in Earth Magic
 13712 | Lair:1   | Entered Level 1 of the Lair of Beasts
 13728 | Lair:1   | Reached XP level 12. HP: 68/68 MP: 20/24
 13769 | Lair:1   | Found a gate leading to a gauntlet.
 13779 | Gauntlet | Entered a Gauntlet
 13779 | Gauntlet | Found a transporter.
 13788 | Gauntlet | Noticed a catoblepas
 13789 | Gauntlet | Found a transporter.
 13805 | Gauntlet | Found a transporter.
 13813 | Gauntlet | Found a transporter.
 13827 | Gauntlet | Noticed a blizzard demon
 13828 | Gauntlet | Found a transporter.
 13848 | Gauntlet | Found a transporter.
 13859 | Gauntlet | Noticed a blizzard demon
 13860 | Gauntlet | Found a transporter.
 13872 | Gauntlet | Found a transporter.
 13872 | Gauntlet | Noticed a green death
 13884 | Gauntlet | Found a transporter.
 13893 | Gauntlet | Noticed a thrashing horror
 13896 | Gauntlet | Found a transporter.
 13913 | Gauntlet | Found a transporter.
 13931 | Gauntlet | Found a transporter.
 13933 | Gauntlet | Found a transporter.
 13960 | Gauntlet | Found a transporter.
 13962 | Gauntlet | Found a transporter.
 13990 | Gauntlet | Reached skill level 14 in Earth Magic
 13995 | Gauntlet | Found a transporter.
 14007 | Gauntlet | Found a transporter.
 14008 | Gauntlet | Identified Sif Muna's Compendium of Conjuration (Sif Muna
                  | gifted it to you in a Gauntlet)
 14008 | Gauntlet | Received a gift from Sif Muna
 14027 | Gauntlet | Found a transporter.
 14210 | Gauntlet | Killed a catoblepas
 14379 | Gauntlet | Got a pair of faintly glowing boots
 14401 | Gauntlet | Killed from afar by a blizzard demon

Skill      XL: |  1  2  3  4  5  6  7  8  9 10 11 12 |
---------------+-------------------------------------+-----
Fighting       | 1 2 3 4 5 |  5.2
Earth Magic    | 4 5 6 7 9 10 11 13 14 | 14.8
Stealth        | 3 5 |  5.0
Conjurations   | 1 2 3 4 |  4.1
Spellcasting   | 3 4 6 7 8 |  8.0
Shields        | 4 |  4.0
Dodging        | 2 4 5 |  5.0
Evocations     | 1 3 5 |  5.0
Armour         | 1 4 5 |  5.0
Transmutations | |  0.7

Action                   |  1- 3 |  4- 6 |  7- 9 | 10-12 || total
-------------------------+-------+-------+-------+-------++-------
Melee: Dagger            |   112 |    35 |   179 |    92 ||   418
       Hunting sling     |       |     7 |       |       ||     7
 Fire: Hunting sling     |     4 |    78 |    93 |    43 ||   218
Throw: Stone             |       |     2 |       |       ||     2
 Cast: Sandblast         |    28 |    24 |     8 |     2 ||    62
       Stone Arrow       |       |    35 |    95 |   149 ||   279
       Lee's Rapid Decon |       |       |    13 |    64 ||    77
       Passwall          |       |       |       |     1 ||     1
Invok: Reject Sacrifices |       |       |       |     1 ||     1
       Divine Energy     |       |       |       |     1 ||     1
  Use: Scroll            |       |       |    10 |    12 ||    22
       Potion            |       |       |       |     1 ||     1
 Stab: Sleeping          |     1 |     2 |     3 |       ||     6
       Distracted        |       |       |     1 |       ||     1
  Eat: Chunk             |     3 |    12 |    13 |    29 ||    57
       Ration            |       |       |     3 |     2 ||     5
Armor: Robe              |    34 |    38 |    61 |    85 ||   218
       Troll leather arm |       |       |    61 |    19 ||    80
Dodge: Dodged            |    86 |    77 |   152 |   147 ||   462
Block: Buckler           |     3 |     4 |    22 |    43 ||    72
